 Dungeon Crawl Stone Soup version 0.26-a0-651-gb41185065b (webtiles) character file.

Game seed: 2325686737048420616

51 Ozzies the Skirmisher (level 3, -5/25 HPs)
             Began as a Gargoyle Fighter on Oct 3, 2020.
             Splashed by a jelly's acid (8 damage)
             ... on level 1 of the Dungeon.
             The game lasted 00:01:04 (791 turns).

Ozzies the Skirmisher (Gargoyle Fighter)             Turns: 791, Time: 00:01:06

Health: -5/25      AC:  6    Str: 20    XL:     3   Next: 83%
Magic:  3/3        EV:  7    Int:  8    God:
Gold:   57         SH:  9    Dex:  9    Spells: 2/2 levels left

rFire    . . .     SeeInvis .   e - +2 whip (pain)
rCold    . . .     Faith    .   c - +0 kite shield
rNeg     + . .     Spirit   .   b - +0 scale mail
rPois    ∞         Reflect  .   (no helmet)
rElec    +         Harm     .   (no cloak)
rCorr    .         Rampage  .   (no gloves)
MR       .....                  (no boots)
Stlth    ..........             (no amulet)
HPRegen  0.08/turn              (no ring)
MPRegen  0.08/turn              (no ring)

@: corroded
A: negative energy resistance 1, electricity resistance, unbreathing,
petrification resistance, rot immunity, AC +3
a: no special abilities


You were on level 1 of the Dungeon.
You visited 1 branch of the dungeon, and saw 1 of its levels.

You collected 57 gold pieces.

Inventory:

Hand Weapons
 a - a +0 flail
 e - a +2 whip of pain (weapon)
Missiles
 k - 13 poisoned darts (quivered)
Armour
 b - a +0 scale mail (worn)
 c - a +0 kite shield (worn)
Scrolls
 f - a scroll of teleportation {unknown}
 h - 2 scrolls of identify {unknown}
 i - a scroll of fog {unknown}
Potions
 d - a potion of might
 g - a potion of flight {unknown}
 j - a potion of resistance {unknown}


   Skills:
 + Level 4.9 Fighting
 - Level 2.0 Maces & Flails
 - Level 3.4 Armour
 - Level 3.5 Shields


You had 2 spell levels left.
You didn't know any spells.
Your spell library was empty.

Dungeon Overview and Level Annotations

Branches:
Dungeon (1/15)

Altars:


Innate Abilities, Weirdness & Mutations

You are resistant to torment.
Your stone body is resilient. (AC +3)
You are immune to poison.
You resist negative energy. (rN+)
You are resistant to electric shocks. (rElec)
You can survive without breathing.
You are immune to petrification.
You are immune to rotting.


Message History

You are too injured to fight recklessly!
You are too injured to fight recklessly!
You are too injured to fight recklessly!
You are too injured to fight recklessly!
You are too injured to fight recklessly!
You are too injured to fight recklessly!
You are too injured to fight recklessly!
You hit the jelly.
Your hands burn!
* * * LOW HITPOINT WARNING * * *
The jelly is almost dead.
The jelly hits you but does no damage.
You barely miss the jelly.
The jelly is almost dead.
The jelly hits you but does no damage.
You barely miss the jelly.
The jelly is almost dead.
The jelly hits you.
* * * LOW HITPOINT WARNING * * *
You are splashed with acid!
You die...

..##.#...#.# #.# ######### #
####.#.....######.####### #
#.#..................##
#....###############..#
###....#...........s.#..##
##...)..#............s#...#######
#.......# ..........s #..##......
........#######J#######.....#####
#.......#.......@.....#.#####
#.......'⌠....###....⌠+.#
#.##.##.#......<......#.#
#.##.##.#..⌠...>...⌠..#.#
#.......###'#######'###.#
#######.................#
.###....)..####.###.#.###
..##.......# ##.##..##
...#.......# ##.#.##


You could see a jelly.

Vanquished Creatures
  4 oozes (D:1)
  A worm (D:1)
  A dart slug (D:1)
  2 leopard geckos (D:1)
  3 giant cockroaches (D:1)
  2 goblins (D:1)
  5 hobgoblins (D:1)
  2 jackals (D:1)
  2 frilled lizards (D:1)
  2 kobolds (D:1)
  5 rats (D:1)
29 creatures vanquished.

Notes
Turn   | Place    | Note
-------+----------+-------------------------------------------
     0 | D:1      | Ozzies the Gargoyle Fighter began the quest for the Orb.
     0 | D:1      | Reached XP level 1. HP: 14/14 MP: 1/1
     1 | D:1      | Found a runed translucent door.
     1 | D:1      | Noticed a jelly
    56 | D:1      | Reached XP level 2. HP: 19/19 MP: 2/2
   238 | D:1      | Reached skill level 4 in Fighting
   496 | D:1      | Reached XP level 3. HP: 24/24 MP: 3/3
   791 | D:1      | Splashed by a jelly's acid

Illustrated notes

Levels and vault maps discovered:
D:1:      dpeg_arrival_caged_fury, layout_loops_cross

Skill      XL: |  1  2 |
---------------+-------+-----
Fighting       | 4 |  4.9
Maces & Flails | |  2.0
Armour         | |  3.4
Shields        | |  3.5

Action                   || total
-------------------------++-------
Melee: Whip              ||    91
       Flail             ||     6
Armor: Scale mail        ||    33
Dodge: Dodged            ||    28
Block: Kite shield       ||    35

Table legend: (Time is in decaauts)
 A = Elapsed time spent in this place.
 B = Non-inter-level travel time spent in this place.
 C = Inter-level travel time spent in this place.
 D = Time resting spent in this place.
 E = Time spent auto-exploring this place.
 F = Levels seen in this place.
 G = Mean time per level.
                   A        B        C        D        E       F      G
               +--------+--------+--------+--------+--------+-----+--------+
         Total |    799 |    757 |     42 |      0 |    602 |   1 |  799.0 |
       Dungeon |    799 |    757 |     42 |      0 |    602 |   1 |  799.0 |
               +--------+--------+--------+--------+--------+-----+--------+

Top non-repeatable levels by time:
     D:1: 799 daAuts
